 Dungeon Crawl Stone Soup version 0.29.1-13-g9f3cf754e1 (webtiles) character file.

Game seed: 9845206654351987717

5398 croobank the Conjurer (level 10, -6/83 HPs)
             Began as a Demigod Conjurer on Jan 24, 2023.
             Mangled by a shadow (29 damage)
             ... on level 9 of the Dungeon.
             The game lasted 00:41:12 (11196 turns).

croobank the Conjurer (Demigod Conjurer)           Turns: 11196, Time: 00:41:12

Health: -6/83      AC:  3    Str:  8    XL:     10   Next: 17%
Magic:  1/22       EV: 14    Int: 38    God:
Gold:   367        SH:  0    Dex: 12    Spells: 3/20 levels left

rFire   . . .      SeeInvis .   P - +4 scimitar (flame)
rCold   . . .      Faith    .   (no shield)
rNeg    . . .      Spirit   .   a - +1 robe
rPois   .          Reflect  .   (no helmet)
rElec   .          Harm     .   (no cloak)
rCorr   .          Rampage  .   (no gloves)
Will    +....                   (no boots)
Stlth   +++.......              c - amulet of regeneration
HPRegen 1.03/turn               g - +6 ring of intelligence
MPRegen 0.18/turn               (no ring)

@: lethally poisoned (-6 -> -8), about to teleport, marked
A: high MP 1, forlorn, divine attributes
a: no special abilities


You were on level 9 of the Dungeon.
You visited 1 branch of the dungeon, and saw 9 of its levels.
You also visited: Sewer.

You collected 427 gold pieces.
You spent 60 gold pieces at shops.

Inventory:

Hand Weapons
 f - a +2 short sword of venom
 o - a +0 whip of flaming
 s - a +0 short sword of venom
 z - a +1 dagger
 B - a +4 war axe
 C - a +0 scimitar
 E - a +4 halberd
 G - a +0 short sword of draining
 K - the +9 mace of Imbalance {drain, Fly rPois Str-3 SInv}
   (You took it off a kobold brigand on level 8 of the Dungeon)

   A truly terrible weapon, it drains the life of any living foe it strikes.
   Str:       It affects your strength (-3).
   rPois:     It protects you from poison.
   SInv:      It lets you see invisible.
   Fly:       It grants you flight.
 O - a +1 vorpal sling
 P - a +4 scimitar of flaming (weapon)
Missiles
 i - 20 poisoned darts
 H - 3 curare-tipped darts
 Q - a throwing net
Armour
 a - a +1 robe (worn)
 J - a +0 robe of positive energy
Magical Staves
 m - a staff of earth
Jewellery
 c - an amulet of regeneration (around neck)
 g - a +6 ring of intelligence (left hand)
 L - a ring of ice
Wands
 u - a wand of light (10)
 w - a wand of iceblast (3)
 y - a wand of flame (42)
 D - a wand of charming (11)
Scrolls
 e - 4 scrolls of noise
 h - a scroll of magic mapping
 k - 4 scrolls of immolation
 p - 2 scrolls of enchant weapon
 q - a scroll of fog
 x - 3 scrolls of silence
 F - 2 scrolls of identify
Potions
 b - a potion of magic
 j - 8 potions of curing
 l - 3 potions of ambrosia
 n - 2 potions of mutation
 r - 2 potions of invisibility
 t - a potion of haste
 v - a potion of attraction
 A - a potion of lignification
 M - a potion of flight {unknown}
 N - a potion of brilliance {unknown}


   Skills:
 + Level 5.7 Fighting
 + Level 6.1 Dodging
 + Level 6.7 Stealth
 + Level 5.7 Spellcasting
 + Level 6.9 Conjurations
 - Level 5.0 Hexes


You had 3 spell levels left.
You knew the following spells:

 Your Spells              Type           Power      Damage    Failure   Level
a - Magic Dart            Conj           100%       1d8       1%          1
b - Searing Ray           Conj           100%       2d8       1%          2
c - Dazzling Flash        Conj/Hex       100%       N/A       1%          3
d - Fulminant Prism       Conj/Hex       27%        3d14      2%          4
e - Tukima's Dance        Hex            48%        N/A       1%          3
f - Iskenderun's Mystic   Conj/Tloc      37%        2d9       8%          4

Your spell library contained the following spells:

 Spells                   Type           Power      Damage    Failure   Level
 Portal Projectile        Hex/Tloc       58%        N/A       3%          3
 Iskenderun's Battlesphe  Conj           59%        2d11      4%          5
 Fireball                 Conj/Fire      18%        3d9       21%         5
 Irradiate                Conj/Tmut      18%        3d17      21%         5
 Blade Hands              Tmut           5%         N/A       65%         5
 Conjure Ball Lightning   Conj/Air       18%        3x3d6     75%         6
 Orb of Destruction       Conj           29%        9d9       83%         7
 Dragon Form              Tmut           5%         N/A       100%        7


Dungeon Overview and Level Annotations

Branches:
Dungeon (9/15)             Temple (0/1) D:7            Lair (0/5) D:9
  Sewer (visited)
    Orc: D:9-12

Shops:
D:4 =   D:5 =   D:6 *

Annotations:
D:7 2 transporters, exclusion: 2 oklob plants, benadryl's ghost, novice TrHu
D:9 1 runed translucent door, Harold


Innate Abilities, Weirdness & Mutations

You have an increased reservoir of magic. (+10% MP)
You shall have no god before yourself.
Your divine heritage dramatically boosts your attributes as you level up.


Message History

You feel sick.
The killer bee attacks as you move away!
The killer bee barely misses you.
You feel sick.
You feel sick. The killer bee stings you.
* * * LOW HITPOINT WARNING * * *
You are more poisoned.
The killer bee poisons you!
The killer bee attacks as you move away!
The killer bee barely misses you.
You feel very sick. The killer bee closely misses you.
Okay, then.
Casting: Searing Ray (safe; 1% risk of failure)
Confirm with . or Enter, or press ? or * to list all spells.
Casting: Dazzling Flash (safe; 1% risk of failure)
Press: ? - help, Dir - look around, f - activate The killer bee is dazzled. x2; You feel sick.
The killer bee stings you!
* * * LOW HITPOINT WARNING * * *
You are more poisoned.
The killer bee poisons you! The killer bee stings you.
* * * LOW HITPOINT WARNING * * *
You are more poisoned.
The killer bee poisons you!
You feel better. The killer bee closely misses you. x2
You feel better.
You are no longer corroded.
The killer bee misses you. The killer bee closely misses you.
The shadow slips into darkness.
The shadow flickers and vanishes!
Deactivating autopickup; reactivate with Ctrl-A.
As you read the scroll of teleportation, it crumbles to dust.
You feel strangely unstable. The killer bee misses you.
The killer bee stings you.
* * * LOW HITPOINT WARNING * * *
You feel better. The killer bee stings you.
* * * LOW HITPOINT WARNING * * *
You are poisoned.
The killer bee poisons you! The killer bee misses you.
The shadow strikes at you from the darkness!
You die...

#.#####KKK#########
#.....#####...#...
#.#.............#
#.##...#+#......# .#
#.##[..#p#......# .##
#.##.y.###......# ..#
#.##...........##
#.####.#####y........#
~P~
#..##...{@yyyy######.#
~ ~P ###..##..########
... ~~♣PP#..).##>.#
##.. PP~PPP.##<##..#
...


P.~PPP #)##..# .. #~P~~~###.#†..##### ..~PP†.....†........ ###.#.....#.#######
#.....#####.# You could see 5 killer bees.

Vanquished Creatures
  Joseph (D:8)
  A yak (D:9)
  4 wyverns
  A steam dragon (D:8)
  A basilisk (D:9)
  An acid dragon (D:8)
  2 water moccasins
  An orc warrior (D:8)
  A black bear (D:9)
  4 ogres
  A centaur (D:8)
  A phantom (D:6)
  4 kobold brigands
  A bullfrog (D:8)
  3 necrophages
  10 wights
  7 killer bees
  4 howler monkeys
  2 electric eels (D:9)
  An orc priest (D:4)
  A gnoll bouda (D:8)
  Ijyb (D:4)
  5 iguanas
  Natasha (thrice) (D:4)
  4 orc wizards
  10 adders
  7 gnolls
  A white imp (D:6)
  2 ufetubi (D:5)
  3 worms
  4 dart slugs
  12 orcs
  4 ball pythons
  5 bats
  12 endoplasms
  8 giant cockroaches
  8 goblins
  5 hobgoblins
  18 kobolds
  2 quokkas (D:3)
  4 frilled lizards
  A goblin zombie (D:9)
  8 rats
  A fulminant prism (D:9)
180 creatures vanquished.

Vanquished Creatures (collateral kills)
  Erica (D:8)
  A komodo dragon (D:7)
2 creatures vanquished.

Vanquished Creatures (others)
  19 fulminant prisms
  21 plants (D:9)
40 creatures vanquished.

Grand Total: 222 creatures vanquished

Notes
Turn   | Place    | Note
-------+----------+-------------------------------------------
     0 | D:1      | croobank the Demigod Conjurer began the quest for the Orb.
     0 | D:1      | Reached XP level 1. HP: 14/14 MP: 5/5
   297 | D:1      | Reached XP level 2. HP: 20/20 MP: 5/7
  1182 | D:1      | Learned a level 2 spell: Searing Ray
  1524 | D:2      | Reached XP level 3. HP: 25/27 MP: 4/8
  1783 | D:2      | Reached skill level 1 in Fighting
  2658 | D:3      | Learned a level 3 spell: Dazzling Flash
  2695 | D:3      | Found a glowing drain.
  2807 | Sewer    | Entered a sewer
  2813 | Sewer    | Reached XP level 4. HP: 35/35 MP: 4/10
  3133 | Sewer    | Noticed a kobold brigand
  3139 | Sewer    | Killed a kobold brigand
  3140 | Sewer    | Reached XP level 5. HP: 34/40 MP: 2/11
  3457 | D:3      | Reached skill level 1 in Hexes
  4074 | D:4      | Noticed Natasha
  4080 | D:4      | Killed Natasha
  4118 | D:4      | Noticed Natasha
  4223 | D:4      | Reached XP level 6. HP: 23/48 MP: 3/13
  4304 | D:4      | Noticed Ijyb
  4312 | D:4      | Killed Ijyb
  4511 | D:4      | Learned a level 4 spell: Fulminant Prism
  4554 | D:4      | Killed Natasha
  4701 | D:4      | Noticed Natasha
  4706 | D:4      | Killed Natasha
  4815 | D:4      | Found Qugegg's Jewellery Emporium.
  5113 | D:4      | You fall into a shaft and drop 2 floors!
  5158 | D:7      | Noticed a komodo dragon
  5165 | D:5      | Entered Level 5 of the Dungeon
  5349 | D:5      | Found Gaumu's Jewellery Shoppe.
  5366 | D:5      | Reached XP level 7. HP: 56/56 MP: 6/15
  6173 | D:6      | Found Xil Echa's Assorted Antiques.
  6176 | D:6      | Bought a scroll labelled UCASYN QITT for 20 gold pieces
  6176 | D:6      | Bought a scroll labelled TOGREC NIXTACOUR for 20 gold
                  | pieces
  6176 | D:6      | Bought a scroll labelled TOGREC NIXTACOUR for 20 gold
                  | pieces
  6512 | D:6      | Reached skill level 5 in Conjurations
  6805 | D:6      | Reached XP level 8. HP: 63/63 MP: 0/17
  7466 | D:7      | Killed a komodo dragon
  7615 | D:7      | Found a staircase to the Ecumenical Temple.
  7736 | D:7      | Reached skill level 5 in Stealth
  8095 | D:7      | Noticed an oklob plant
  8099 | D:7      | Noticed an oklob plant
  8099 | D:7      | Noticed a troll
  8122 | D:7      | Noticed a troll
  8122 | D:7      | Noticed benadryl's ghost (novice TrHu)
  8127 | D:7      | Found a transporter.
  8147 | D:7      | Found a transporter.
  8525 | D:8      | Reached XP level 9. HP: 72/72 MP: 11/19
  8533 | D:8      | Reached skill level 5 in Dodging
  8825 | D:8      | Identified the +9 mace of Imbalance {drain, Fly rPois Str-3
                  | SInv}
  9017 | D:8      | Reached skill level 5 in Spellcasting
  9263 | D:8      | Reached skill level 5 in Fighting
  9863 | D:8      | Noticed Joseph
  9875 | D:8      | Killed Joseph
  9876 | D:8      | Reached skill level 5 in Hexes
 10614 | D:9      | Found a staircase to the Lair.
 10642 | D:9      | Noticed Erica
 10733 | D:8      | Learned a level 3 spell: Tukima's Dance
 10738 | D:8      | Learned a level 4 spell: Iskenderun's Mystic Blast
 10904 | D:8      | Killed Erica
 10905 | D:8      | Reached XP level 10. HP: 81/82 MP: 7/22
 11131 | D:9      | Found a runed translucent door.
 11141 | D:9      | Noticed Harold
 11196 | D:9      | Mangled by a shadow

Illustrated notes

Levels and vault maps discovered:
D:1:      minmay_arrival_split_and_join, layout_loops_cross,
          nicolae_eternal_life
D:2:      layout_rooms
D:3:      layout_basic, portal_sewer_entry_f
D:4:      layout_gridville, serial_shops, shop_fountains,
          corexii_item_surrounded_by_moat, uniq_ijyb, uniq_natasha
D:5:      layout_gridville, serial_shops, shop_statue, minmay_crystal_water,
          due_unseen_surprise
D:6:      layout_basic, pdpol_wu_jian_five_deadly_venoms, serial_shops,
          kennysheep_mini_moat
D:7:      layout_cave_pools, minmay_temple_entry_grid, nzn_ghost_randoct
D:8:      layout_loops_corners, mainiacjoe_overflow_six_doors_small,
          palyth_stone_intersect, minmay_fractal_squares_gapless_5, uniq_joseph
D:9:      layout_rooms, dk_yredelemnul_ordeal, grunt_temple_overflow_open,
          david_lair_generic, serial_bayou, serial_bayou_pond_b,
          serial_bayou_lagoon_a, serial_bayou_ford_a, serial_bayou_shore_a,
          uniq_grum, uniq_erica, uniq_harold

Skill      XL: |  1  2  3  4  5  6  7  8  9 |
---------------+----------------------------+-----
Stealth        | 2 3 4 5 6 |  6.7
Dodging        | 2 3 4 6 |  6.1
Spellcasting   | 2 3 4 5 |  5.7
Fighting       | 1 2 3 4 5 |  5.7
Conjurations   | 4 5 6 |  6.9
Hexes          | 1 2 3 4 5 |  5.0

Action                   |  1- 3 |  4- 6 |  7- 9 | 10-12 || total
-------------------------+-------+-------+-------+-------++-------
Melee: Short sword       |    45 |    25 |    31 |       ||   101
       Punch             |       |       |     1 |     2 ||     3
       Scimitar          |       |       |       |    30 ||    30
 Cast: Magic Dart        |    44 |    38 |    50 |     2 ||   134
       Searing Ray       |     9 |    31 |    62 |     7 ||   109
       Dazzling Flash    |       |     1 |     2 |     1 ||     4
       Fulminant Prism   |       |       |    17 |     3 ||    20
       Iskenderun's Myst |       |       |     1 |     2 ||     3
       Tukima's Dance    |       |       |     1 |       ||     1
Evoke: Wand              |       |       |       |     2 ||     2
  Use: Scroll            |    12 |     2 |    10 |     3 ||    27
       Potion            |       |     2 |     3 |     5 ||    10
 Stab: Sleeping          |     4 |     4 |     4 |       ||    12
       Invisible         |       |     1 |       |       ||     1
Armor: Robe              |    12 |     6 |    18 |     8 ||    44
Dodge: Dodged            |    41 |    31 |    69 |    48 ||   189
